 Dungeon Crawl Stone Soup version 0.18.1-48-g4cf74bf (webtiles) character file.

6868 Gargoyl the Protected (level 10, -5/77 HPs)
             Began as a Demonspawn Abyssal Knight on Sept 12, 2016.
             Was a High Priest of Lugonu.
             Killed from afar by a fire dragon (43 damage)
             ... with a blast of flame
             ... on level 10 of the Dungeon.
             The game lasted 00:25:50 (14921 turns).

Gargoyl the Protected (Demonspawn Abyssal Knight)  Turns: 14921, Time: 00:25:50

Health: -5/77      AC: 23    Str: 20 (21) XL:     10   Next: 78%
Magic:  12/12      EV:  6    Int: 10 (13) God:    Lugonu [*****.]
Gold:   345        SH: 12    Dex: 18 (19) Spells: 0 memorised, 9 levels left

rFire  . . .     SeeInvis .     g - +0 hand axe (elec)
rCold  + . .     Gourm    .     e - +0 plate armour
rNeg   . . .     Faith    .     o - +1 shield
rPois  .         Spirit   .     l - +2 helmet
rElec  .         Dismiss  .     z - +2 cloak
rCorr  .         Reflect  .     (no gloves)
SustAt .         Harm     .     (no boots)
MR     +....                    (no amulet)
Stlth  ..........               E - +4 ring of dexterity
                                h - ring of protection from magic

@: mighty, somewhat resistant to hostile enchantments, extremely unstealthy
A: talons 2, yellow scales 1, agile 1, cold resistance 1, powered by pain 2,
freezing cloud immunity, subdued magic 1
a: Depart the Abyss, Bend Space, Banish, Corrupt, Enter the Abyss, Renounce
Religion


You were on level 10 of the Dungeon.
You worshipped Lugonu.
Lugonu was extremely pleased with you.
You were very hungry.

You visited 1 branch of the dungeon, and saw 10 of its levels.
You visited the Abyss 1 time.
You also visited: Ossuary.

You collected 439 gold pieces.
You spent 94 gold pieces at shops.

Inventory:

Hand Weapons
 g - a +0 hand axe of electrocution (weapon)
 w - a +1 war axe of protection
Missiles
 D - 6 tomahawks (quivered)
Armour
 e - a +0 plate armour (worn)
 l - a +2 helmet (worn)
 o - a +1 shield (worn)
 z - a +2 cloak (worn)
Jewellery
 h - a ring of protection from magic (left hand)
 E - a +4 ring of dexterity (right hand)
Wands
 d - a wand of lightning (7/15)
 q - a wand of confusion (20/48)
 s - a wand of digging (10/24)
 t - a wand of digging (21/24)
 y - a wand of digging (15/24)
Scrolls
 f - 4 scrolls of remove curse
 i - 3 scrolls of teleportation
 m - 6 scrolls of identify
 A - 5 scrolls of magic mapping
Potions
 b - 3 potions of might
 k - 4 potions of flight
 n - 3 potions of haste {unknown}
 r - 3 potions of brilliance {unknown}
 x - a potion of curing
 B - a potion of ambrosia {unknown}
 C - a potion of cure mutation {unknown}
Books
 j - a book of Minor Magic

   Spells                             Type                      Level
   a - Magic Dart                     Conjuration                  1
   b - Blink                          Translocation                2
   c - Call Imp                       Summoning                    2
   d - Repel Missiles                 Charms/Air                   2
   e - Slow                           Hexes                        2
   f - Conjure Flame                  Conjuration/Fire             3
   g - Mephitic Cloud                 Conjuration/Poison/Air       3
 F - a book of Death

   Spells                             Type                      Level
   a - Corpse Rot                     Necromancy                   2
   b - Sublimation of Blood           Necromancy                   2
   c - Agony                          Necromancy                   5
   d - Dispel Undead                  Necromancy                   5
   e - Excruciating Wounds            Charms/Necromancy            5
   f - Bolt of Draining               Conjuration/Necromancy       5
 G - a book of Party Tricks

   Spells                             Type                      Level
   a - Summon Butterflies             Summoning                    1
   b - Apportation                    Translocation                1
   c - Tukima's Dance                 Hexes                        3
   d - Alistair's Intoxication        Transmutation/Poison         5
   e - Invisibility                   Hexes                        6
Comestibles
 a - a beef jerky
 c - 3 bread rations
 p - 7 meat rations
 u - 2 slices of pizza
 H - 10 royal jellies


   Skills:
 + Level 6.6 Fighting
 + Level 5.8 Axes
 + Level 1.5 Throwing
 * Level 10.6 Armour
 + Level 2.2 Dodging
 + Level 1.0 Stealth
 + Level 6.6 Shields
 + Level 3.8 Invocations
 + Level 0.2 Evocations


You had 9 spell levels left.
You didn't know any spells.

Dungeon Overview and Level Annotations

Branches:
Dungeon (10/15)            Temple (0/1) D:6
   Lair: D:8-11         Orc: D:9-12

Altars:
Dithmenos
Elyvilon
Fedhas
Kikubaaqudgha
Nemelex Xobeh
Okawaru
Pakellas
Qazlal
Xom
The Shining One
Jiyva

Shops:
D:8 *   D:9 }(


Innate Abilities, Weirdness & Mutations

You have razor-sharp toenails.
You are partially covered in yellow scales (AC +2).
Your flesh is cold resistant.
You sometimes gain power by taking damage.
You are immune to freezing clouds.
You are agile. (Dex +2)
Your spells are a little easier to cast, but a little less powerful.


Message History

The fire dragon bites you but does no damage.
The fire dragon claws you but does no damage.
You block the fire dragon's attack.
You hit the fire dragon.
The fire dragon is lightly wounded.
You block the fire dragon's attack. x2
The fire dragon tramples you but does no damage.
You slash the fire dragon! You claw the fire dragon!
The fire dragon is lightly wounded.
The fire dragon completely misses you. You block the fire dragon's attack. x2
The fire dragon bites you!
The fire dragon claws you but does no damage.
The fire dragon tramples you but does no damage.
Drink which item? (? for menu, Esc to quit)
It was a potion of might.
You feel mightier all of a sudden. The fire dragon breathes flames at you.
The blast of flame hits you!
Ouch! That really hurt!
You die...

#.#
#...≈###
##.#
#...≈# #
#..#
#...≈###
##(.##
###.≈≈≈≈
##.(..##
#.......
#......#
#.......
##......#
#.....#.
#.......##
#.....#.
#...@....#
#.....#.
#≈≈D)....#
#....##.
#≈≈≈.....#
#....##.
#≈≈≈≈≈..≈#
#.......
#≈.≈≈≈≈≈≈#
#.......
#...≈≈≈≈≈#
#.#####.
#...≈≈≈≈≈#
###.....
#..$$≈≈###
#.>...
#.....


You could see a fire dragon.

Vanquished Creatures
  The ghost of drd the Covert, a novice OpAs of Cheibriados (D:8)
  A two-headed ogre (D:9)
  A troll (D:10)
  The ghost of asdguy00 the Firebug, an amateur DrFE (D:4)
  4 yaks (D:9)
  A hippogriff (D:9)
  Edmund (D:5)
  A water moccasin (D:6)
  2 orc warriors
  A sky beast (D:9)
  A necrophage (D:8)
  2 phantoms
  3 black bears
  2 wasps
  5 ogres
  2 centaurs
  A big kobold (D:9)
  Blork the orc (D:5)
  6 giant frogs
  6 water moccasin zombies
  5 jellies
  3 killer bees (D:8)
  2 electric eels (D:10)
  4 crimson imps
  A giant frog zombie (D:8)
  7 orc priests
  5 hounds
  13 orc wizards
  An iguana (D:6)
  5 worker ants
  A killer bee zombie (D:8)
  4 big kobold zombies (Ossuary)
  2 hound skeletons
  3 mummies
  3 worker ant zombies
  5 gnolls
  15 adders
  A river rat (D:6)
  2 shadow imps
  6 oozes
  An adder skeleton (D:4)
  7 adder zombies
  2 worms
  4 dart slugs
  6 giant geckos
  53 orcs
  6 giant cockroaches
  4 goblins
  11 hobgoblins
  4 jackals (D:8)
  4 quokkas
  2 ball pythons
  9 bats
  A giant gecko skeleton (D:3)
  7 giant newts
  A goblin zombie (D:7)
  5 hobgoblin zombies
  18 kobolds
  4 kobold zombies (Ossuary)
  6 orc zombies (Ossuary)
  A quokka skeleton (D:6)
  11 rats
  3 fungi (D:5)
  A plant (D:5)
302 creatures vanquished.

Vanquished Creatures (others)
  A hill giant (D:10)
  A wyvern (D:6)
  4 electric eels (D:10)
  A plant (D:8)
7 creatures vanquished.

Grand Total: 309 creatures vanquished

Notes
Turn   | Place    | Note
--------------------------------------------------------------
     0 | Abyss:1  | Gargoyl the Demonspawn Abyssal Knight began the quest for the Orb.
     0 | Abyss:1  | Reached XP level 1. HP: 18/18 MP: 2/2
    17 | Abyss:2  | Found a corrupted altar of Lugonu.
    48 | Abyss:2  | Noticed a ynoxinul
    49 | D:1      | Escaped the Abyss
   181 | D:1      | Reached * piety under Lugonu
   486 | D:1      | Gained mutation: You have sharp toenails. [demonic ancestry]
   486 | D:1      | Reached XP level 2. HP: 24/24 MP: 3/3
   508 | D:1      | Reached skill level 2 in Armour
  1433 | D:1      | Reached skill level 1 in Dodging
  1452 | D:1      | Gained mutation: Your flesh is cold resistant. [demonic ancestry]
  1452 | D:1      | Reached XP level 3. HP: 25/29 MP: 5/5
  1492 | D:2      | Found a faded altar to an unknown god.
  2171 | D:2      | Gained mutation: You sometimes gain a little power by taking damage. [demonic ancestry]
  2171 | D:2      | Reached XP level 4. HP: 27/35 MP: 6/6
  2230 | D:2      | Reached ** piety under Lugonu
  2233 | D:2      | Found a glowing golden altar of the Shining One.
  2499 | D:2      | Reached skill level 3 in Armour
  2783 | D:3      | HP: 1/36 [orc wizard/magic dart (4)]
  2791 | D:3      | Gained mutation: You are immune to freezing clouds. [demonic ancestry]
  2791 | D:3      | Reached XP level 5. HP: 21/42 MP: 7/7
  3585 | D:3      | Reached *** piety under Lugonu
  3980 | D:3      | Reached skill level 1 in Shields
  4373 | D:4      | Found a shadowy altar of Dithmenos.
  4402 | D:4      | Noticed a phantom
  4454 | D:4      | Killed a phantom
  4454 | D:4      | Reached skill level 4 in Armour
  4454 | D:4      | Gained mutation: You sometimes gain power by taking damage. [demonic ancestry]
  4454 | D:4      | Reached XP level 6. HP: 33/48 MP: 8/8
  4608 | D:4      | Noticed asdguy00's ghost (amateur DrFE)
  4619 | D:4      | Killed asdguy00's ghost
  4619 | D:4      | Reached XP level 7. HP: 16/55 MP: 9/9
  4638 | D:4      | Reached skill level 5 in Armour
  5226 | D:4      | Found a stormy altar of Qazlal.
  5572 | D:5      | Entered Level 5 of the Dungeon
  5581 | D:5      | Noticed Edmund
  5583 | D:5      | Found a blossoming altar of Fedhas.
  5585 | D:5      | Noticed Blork the orc
  5599 | D:5      | Killed Blork the orc
  5607 | D:5      | HP: 1/55 [Edmund/dire flail (2)]
  5613 | D:5      | Killed Edmund
  5613 | D:5      | Reached skill level 5 in Fighting
  5613 | D:5      | Reached skill level 6 in Armour
  6066 | D:5      | Found an iron altar of Okawaru.
  6128 | D:5      | Gained mutation: You have razor-sharp toenails. [demonic ancestry]
  6128 | D:5      | Reached XP level 8. HP: 62/62 MP: 10/10
  7099 | D:6      | Reached skill level 7 in Armour
  7350 | D:6      | Found an oddly glowing altar of Pakellas.
  7350 | D:6      | Noticed an orange crystal statue
  7494 | D:6      | Reached **** piety under Lugonu
  7888 | D:6      | Found a staircase to the Ecumenical Temple.
  8104 | D:6      | Paralysed by a wasp for 1 turns
  8112 | D:6      | Reached skill level 8 in Armour
  8125 | D:6      | HP: 2/62 [orc priest/divine providence (14)]
  8601 | D:7      | Reached XP level 9. HP: 61/68 MP: 11/11
  8653 | D:7      | Found a sand-covered staircase.
  8661 | Ossuary  | Entered an ossuary
  8938 | Ossuary  | Reached ***** piety under Lugonu
 10261 | D:8      | Reached skill level 9 in Armour
 10550 | D:8      | Noticed drd's ghost (novice OpAs)
 10709 | D:8      | Killed drd's ghost
 10709 | D:8      | Reached skill level 5 in Axes
 10709 | D:8      | Reached skill level 5 in Shields
 10874 | D:8      | Found a shimmering altar of Xom.
 10926 | D:8      | Gained mutation: You are partially covered in yellow scales (AC +2). [demonic ancestry]
 10926 | D:8      | Reached XP level 10. HP: 55/76 MP: 12/12
 10978 | D:8      | Reached skill level 1 in Stealth
 11329 | D:8      | Found Jausmomu's Assorted Antiques.
 11339 | D:8      | Bought a cloak for 94 gold pieces
 11936 | D:9      | Found Gayrr's Quality Used Wands.
 11958 | D:9      | Gained mutation: You are agile. (Dex +2) [mutagenic meat]
 11959 | D:9      | Gained mutation: Your spells are a little easier to cast, but a little less powerful. [mutagenic meat]
 11960 | D:9      | Gained mutation: You have supernaturally acute eyesight. [mutagenic meat]
 11961 | D:9      | Lost mutation: You have supernaturally acute eyesight. [mutagenic meat]
 12134 | D:9      | Found Zaciamonn's Weapon Shop.
 12148 | D:9      | Found a sparkling altar of Nemelex Xobeh.
 12177 | D:9      | Reached skill level 10 in Armour
 12193 | D:9      | Reached skill level 1 in Throwing
 12569 | D:9      | Found a viscous altar of Jiyva.
 12982 | D:9      | Found a white marble altar of Elyvilon.
 12982 | D:9      | Found an ancient bone altar of Kikubaaqudgha.
 13115 | D:10     | Entered Level 10 of the Dungeon
 13826 | D:10     | Noticed a hill giant
 13868 | D:10     | Banished a hill giant
 14913 | D:10     | Noticed a fire dragon
 14921 | D:10     | Killed from afar by a fire dragon

Skill      XL: |  1  2  3  4  5  6  7  8  9 10 |
---------------+-------------------------------+-----
Armour         | 2 3 4 6 8 9 10 | 10.6
Dodging        | 1 2 |  2.2
Axes           | 2 3 4 5 |  5.8
Fighting       | 4 5 6 |  6.6
Shields        | 1 2 3 5 6 |  6.6
Stealth        | 1 |  1.0
Throwing       | 1 |  1.5
Invocations    | 3 |  3.8
Evocations     | |  0.2

Action                   |  1- 3 |  4- 6 |  7- 9 | 10-12 || total
-------------------------+-------+-------+-------+-------++-------
Melee: Hand axe          |   148 |   253 |   605 |   269 ||  1275
       Kick              |    22 |    61 |   167 |    87 ||   337
Throw: Tomahawk          |       |       |       |    18 ||    18
Invok: Depart the Abyss  |     1 |       |       |       ||     1
       Banish            |       |       |       |     6 ||     6
Evoke: Wand              |       |       |       |     1 ||     1
  Use: Potion            |       |     4 |     3 |     5 ||    12
       Scroll            |       |       |    14 |     6 ||    20
 Stab: Distracted        |       |       |       |     1 ||     1
  Eat: Chunk             |     4 |    10 |    15 |    13 ||    42
       Royal jelly       |       |       |     2 |       ||     2
       Bread ration      |       |       |     1 |       ||     1
       Beef jerky        |       |       |       |     1 ||     1
Armor: Plate armour      |   176 |   207 |   355 |   176 ||   914
       Leather armour    |     6 |       |       |       ||     6
       Skin              |       |       |     2 |       ||     2
Dodge: Dodged            |    35 |    14 |    84 |    58 ||   191
Block: Shield            |       |    85 |   289 |   171 ||   545
